AoeStats
← Lindy

Scandinavia

510500896Analyzed
1v1 RM · 1d ago on Oct 1, 2026· 34m 6s· 2 players
Game mode
Random Map
Map size
Tiny (2 player)
Population
200
Speed
Normal
Resources
Standard
Victory
Conquest
Starting age
Dark Age
Ending age
Imperial Age
RankedLock teamsTeams togetherTeam positionsShared explorationLock speedFull tech treeHidden civsTurbo modeCheats
Victory
Defeat
🇳🇱 Slavs · Netherlands
1621
+12
🇳🇱 Saxons · Netherlands
1541
-12
Lindy
8:24 Loom
10:32 Feudal Age
11:14 Double-Bit Axe
11:10 Horse Collar
13:41 Wheelbarrow
17:38 Castle Age
18:06 Fletching
19:36 Forging
19:26 Scale Mail Armor
21:54 Fishing Lines
23:19 Hand Cart
23:16 Squires
24:59 Stone Mining
25:03 Gold Mining
30:47 Imperial Age
29:22 Iron Casting
29:02 Chain Mail Armor
31:28 Imperial Age
29:16 Crossbowman
30:54 Padded Archer Armor
31:06 Town Watch
33:08 Conscription
Pl0tterGhost
8:44 Loom
10:29 Feudal Age
12:34 Double-Bit Axe
15:00 Castle Age
16:32 Bow Saw
16:09 Horse Collar
16:59 Man-at-Arms
17:40 Squires
21:30 Long Swordsman
22:32 Scale Mail Armor
23:36 Chain Mail Armor
23:56 Forging
24:42 Wheelbarrow
24:21 Town Watch
26:01 Iron Casting
26:30 Fletching
27:46 Heavy Plow
31:35 Imperial Age
31:20 Hand Cart
31:54 Two-Handed Swordsman
33:27 Champion
Connection lost

Rejoining the realm…

Still unreachable

The connection could not be restored.

Session expired

The server has moved on; the page needs a fresh start.